 Dungeon Crawl Stone Soup version 0.28-a0-43-g560ac104fe (webtiles) character file.

Game seed: 10560170756798921867

28 Spectrina the Sneak (level 2, 0/18 HPs)
             Began as a Deep Elf Delver on July 28, 2021.
             Slain by a water moccasin skeleton (5 damage)
             ... on level 5 of the Dungeon.
             The game lasted 00:01:23 (191 turns).

Spectrina the Sneak (Deep Elf Delver)                Turns: 191, Time: 00:01:24

Health: 0/18       AC:  4    Str:  9    XL:     2   Next: 96%
Magic:  4/4        EV: 12    Int: 14    God:
Gold:   0          SH:  0    Dex: 16    Spells: 1/1 levels left

rFire   . . .      SeeInvis .   a - +0 short sword
rCold   . . .      Faith    .   (no shield)
rNeg    . . .      Spirit   .   b - +0 leather armour
rPois   .          Reflect  .   (no helmet)
rElec   .          Harm     .   (no cloak)
rCorr   .          Rampage  .   (no gloves)
Will    .....                   i - +0 pair of boots
Stlth   +++.......              (no amulet)
HPRegen 0.06/turn               (no ring)
MPRegen 0.09/turn               (no ring)

@: flying
A: no striking features
a: no special abilities


You were on level 5 of the Dungeon.
You visited 1 branch of the dungeon, and saw 2 of its levels.

Inventory:

Hand Weapons
 a - a +0 short sword (weapon)
Armour
 b - a +0 leather armour (worn)
 i - a +0 pair of boots (worn)
Wands
 g - a wand of digging (3)
Scrolls
 c - a scroll of fog
 d - a scroll of magic mapping
Potions
 f - a potion of haste


   Skills:
 - Level 2.4 Fighting
 - Level 2.0 Short Blades
 - Level 2.4 Dodging
 + Level 7.2 Stealth


You had one spell level left.
You didn't know any spells.
Your spell library was empty.

Dungeon Overview and Level Annotations

Branches:
Dungeon (6/15)
 Temple: D:4-7

Altars:

Annotations:
D:5 Prince Ribbit


Message History

Your Stealth skill increases to level 7!
You have reached level 2!
A jelly comes into view.
Prince Ribbit comes into view.
Prince Ribbit croaks.
Okay, then.
Prince Ribbit blinks!
Okay, then.
Okay, then.
As you read the scroll of fear, it crumbles to dust.
You assume a fearsome visage.
Prince Ribbit looks frightened!
Prince Ribbit mumbles some strange words.
Prince Ribbit looks slightly unstable.
Unknown command.
Prince Ribbit disappears!
There is a stone staircase leading down here.
A dart slug is nearby!
Unknown command.
A water moccasin skeleton comes into view.
You hit the water moccasin skeleton.
The water moccasin skeleton is lightly damaged.
The water moccasin skeleton bites you.
You closely miss the water moccasin skeleton.
The water moccasin skeleton is lightly damaged.
The water moccasin skeleton bites you.
You hit the water moccasin skeleton.
The water moccasin skeleton is lightly damaged.
The water moccasin skeleton barely misses you.
You hit the water moccasin skeleton but do no damage.
The water moccasin skeleton is lightly damaged.
The water moccasin skeleton bites you but does no damage.
You hit the water moccasin skeleton.
The water moccasin skeleton is moderately damaged.
The water moccasin skeleton barely misses you.
The water moccasin skeleton bites you!
* * * LOW HITPOINT WARNING * * *
It was a potion of flight.
You feel very buoyant.
You fly up into the air.
The water moccasin skeleton bites you.
You die...

#.# #.# #.# #.# .. #.# #. #.#
###. #.# ..^ #.# ### #.Z #@#
##.## . #.. #######Z#
#######.#.#
....#..##.......######.....)###.
....w.....#####...........##.#.#
..###..#### #.####.#.##.# #.##
...... #.#.##.#.##.# #.# ####...
#........##.# #.## #...
#.#.#.......# #...
#...#######......####.# ####


You could see a water moccasin skeleton.

Vanquished Creatures
  A bullfrog skeleton (D:5)
1 creature vanquished.

Notes
Turn   | Place    | Note
-------+----------+-------------------------------------------
     0 | D:5      | Spectrina the Deep Elf Delver began the quest for the Orb.
     0 | D:5      | Reached XP level 1. HP: 13/13 MP: 3/3
    24 | D:6      | Noticed an iguana
   136 | D:5      | Reached skill level 7 in Stealth
   136 | D:5      | Reached XP level 2. HP: 17/18 MP: 4/4
   149 | D:5      | Noticed Prince Ribbit
   191 | D:5      | Slain by a water moccasin skeleton

Illustrated notes

Levels and vault maps discovered:
D:5:      layout_loops_cross, ebering_ghost_gozag, uniq_prince_ribbit1
D:6:      layout_loops_ring

Skill      XL: |  1 |
---------------+----+-----
Stealth        | 7 |  7.2
Fighting       | |  2.4
Short Blades   | |  2.0
Dodging        | |  2.4

Action                   || total
-------------------------++-------
Melee: Short sword       ||    11
  Use: Scroll            ||     1
       Potion            ||     1
 Stab: Sleeping          ||     1
Armor: Leather armour    ||     3
Dodge: Dodged            ||     7

Table legend: (Time is in decaauts)
 A = Elapsed time spent in this place.
 B = Non-inter-level travel time spent in this place.
 C = Inter-level travel time spent in this place.
 D = Time resting spent in this place.
 E = Time spent auto-exploring this place.
 F = Levels seen in this place.
 G = Mean time per level.
                   A        B        C        D        E       F      G
               +--------+--------+--------+--------+--------+-----+--------+
         Total |    192 |    192 |      0 |      0 |      0 |   2 |   96.0 |
       Dungeon |    192 |    192 |      0 |      0 |      0 |   2 |   96.0 |
               +--------+--------+--------+--------+--------+-----+--------+

Top non-repeatable levels by time:
     D:5: 188 daAuts
     D:6: 4 daAuts
